 Dungeon Crawl Stone Soup version 0.31.0-32-g396128a36d (webtiles) character file.

Game seed: 14759742638408909719

111423 booth the Warrior (level 16, -6/149 HPs)
             Began as a Minotaur Fighter on Apr 15, 2024.
             Was a High Priest of Okawaru.
             Mangled by Mlioglotl (18 damage)
             ... on level 1 of the Snake Pit on Apr 16, 2024.
             The game lasted 03:28:51 (25628 turns).

booth the Warrior (Minotaur Fighter)               Turns: 25628, Time: 03:28:52

Health: -6/149     AC: 28    Str: 34    XL:     16   Next: 9%
Magic:  31/31      EV: 16    Int:  7    God:    Okawaru [*****.]
Gold:   1762       SH:  0    Dex: 17    Spells: 15/15 levels left

rFire   . . .        A - +5 flail of Fate {elec, rN+ MP+9 Str+3 Int-5}
rCold   + . .        q - +1 tower shield
rNeg    + . .        w - +8 swamp dragon scales of Classification {rPois Str+6 Int+3 Dex+3 Slay-4}
rPois   +            N - +1 hat
rElec   .            E - +2 cloak {Will+}
rCorr   .            y - +1 pair of gloves
SInv    +            U - +1 pair of boots
Will    +++..        p - amulet of regeneration Stlth
                     h - ring of Enkaxagi {^Drain rC+ Str+4 SInv}
HPRegen 1.24/turn    M - ring of willpower
MPRegen 0.22/turn

%: no passive effects
@: confused, silenced, ambrosia-drunk, studying Maces & Flails
A: horns 2, retaliatory headbutt
a: Renounce Religion


You were on level 1 of the Snake Pit.
You worshipped Okawaru.
Okawaru was extremely pleased with you.
You visited 5 branches of the dungeon, and saw 24 of its levels.
You also visited: Bailey.

You collected 2526 gold pieces.
You spent 764 gold pieces at shops.

Inventory:

Hand Weapons
 a - the +3 broad axe of Dissolution {holy, Str+3}
   (You bought it in a shop on level 2 of the Orcish Mines)

   Str+3:     It affects your strength (+3).
 l - a +4 morningstar of holy wrath
 A - the +5 flail of Fate (weapon) {elec, rN+ MP+9 Str+3 Int-5}
   (You found it on level 6 of the Dungeon)

   Str+3:     It affects your strength (+3).
   Int-5:     It affects your intelligence (-5).
   rN+:       It protects you from negative energy.
   MP+9:      It affects your magic capacity (+9).
Missiles
 f - 66 poisoned darts
 P - 8 javelins (quivered)
 S - 4 throwing nets
 V - 4 darts of dispersal
 Y - an atropa-tipped dart
 Z - 2 silver javelins
Armour
 b - a +1 scale mail
 q - a +1 tower shield (worn)
 w - the +8 swamp dragon scales of Classification (worn) {rPois Str+6 Int+3 Dex+3 Slay-4}
   (You found it in a bailey)

   Str+6:     It affects your strength (+6).
   Int+3:     It affects your intelligence (+3).
   Dex+3:     It affects your dexterity (+3).
   Slay-4:    It affects your accuracy & damage with ranged weapons and melee
   (-4).
   rPois:     It protects you from poison
 y - a +1 pair of gloves (worn)
 E - a +2 cloak of willpower (worn)
 N - a +1 hat (worn)
 U - a +1 pair of boots (worn)
Jewellery
 h - the ring of Enkaxagi (left hand) {^Drain rC+ Str+4 SInv}
   (You acquired it on level 11 of the Dungeon)

   [ring of see invisible]

   Str+4:     It affects your strength (+4).
   rC+:       It protects you from cold.
   SInv:      It lets you see invisible.
   ^Drain:    It drains your maximum health when unequipped.
 k - a +6 ring of dexterity
 p - an amulet of regeneration (around neck)
 x - the amulet of Elemental Vulnerability {rPois rF-- rC-- AC+8}
   (You found it on level 6 of the Dungeon)

   [amulet of nothing]

   AC+8:      It affects your AC (+8).
   rF--:      It makes you very vulnerable to fire.
   rC--:      It makes you very vulnerable to cold.
   rPois:     It protects you from poison
 B - a ring of flight
 L - a ring of protection from fire
 M - a ring of willpower (right hand)
Wands
 i - a wand of acid (21)
 u - a wand of paralysis (6)
 J - a wand of flame (6)
 O - a wand of iceblast (13)
 T - a wand of polymorph (11)
Scrolls
 e - 5 scrolls of fear
 g - 2 scrolls of revelation
 j - 5 scrolls of vulnerability
 m - 5 scrolls of fog
 r - 5 scrolls of teleportation
 D - 3 scrolls of identify
 G - a scroll of amnesia
 I - a scroll of blinking
 K - 3 scrolls of poison
Potions
 c - a potion of invisibility
 d - 2 potions of might
 n - a potion of lignification
 s - 3 potions of enlightenment
 t - 4 potions of haste
 v - 3 potions of brilliance
 z - a potion of mutation
 C - 6 potions of curing
 F - a potion of ambrosia
 R - a potion of berserk rage
 X - 4 potions of attraction


   Skills:
 + Level 15.4 Fighting
 + Level 11.0(14.2) Axes
 + Level 14.7(16.1) Maces & Flails
 + Level 12.4 Throwing
 + Level 11.9 Armour
 + Level 10.9 Dodging
 + Level 4.4 Stealth
 + Level 10.3 Shields
 + Level 10.3 Invocations


You had 15 spell levels left.
You didn't know any spells.
Your spell library contained the following spells:

 Spells                   Type           Power      Damage    Failure   Level
 Foxfire                  Conj/Fire      0%         2x1d4     83%         1
 Sting                    Conj/Alch      0%         1d3       83%         1
 Ensorcelled Hibernation  Hex/Ice        0%         N/A       92%         2
 Mercury Vapours          Alch/Air       0%         N/A       92%         2
 Scorch                   Fire           0%         2d5       92%         2
 Sublimation of Blood     Necr           0%         N/A       92%         2
 Confusing Touch          Hex            0%         N/A       99%         3
 Frozen Ramparts          Ice            0%         1d1       99%         3
 Fugue of the Fallen      Necr           0%         N/A       99%         3
 Sigil of Binding         Hex            0%         N/A       99%         3
 Anguish                  Hex/Necr       0%         N/A       100%        4
 Dimensional Bullseye     Hex/Tloc       0%         N/A       100%        4
 Olgreb's Toxic Radiance  Alch           0%         N/A       100%        4
 Petrify                  Alch/Erth      0%         N/A       100%        4
 Irradiate                Conj/Alch      0%         3d11      100%        5
 Lee's Rapid Deconstruct  Erth           0%         3d4*      100%        5
 Silence                  Hex/Air        0%         N/A       100%        5
 Conjure Ball Lightning   Conj/Air       0%         3x3d6     100%        6
 Polar Vortex             Ice            0%         N/A       100%        9
 Call Canine Familiar     Summ           Unusable   N/A       N/A         3
 Summon Ice Beast         Ice/Summ       Unusable   N/A       N/A         3
 Animate Armour           Summ/Erth      Unusable   N/A       N/A         4
 Summon Lightning Spire   Summ/Air       Unusable   N/A       N/A         4
 Summon Mana Viper        Hex/Summ       Unusable   N/A       N/A         5

Dungeon Overview and Level Annotations

Branches:
Dungeon (15/15)            Temple (1/1) D:6            Lair (5/5) D:8
 Shoals (0/4) Lair:3        Snake (1/4) Lair:2        Slime (0/5) Lair:4
    Orc (2/2) D:11            Elf (0/3) Orc:2        Vaults (0/5) D:13
 Depths (0/4) D:15         Bailey (visited)

Altars:
Ashenzari
Cheibriados
Dithmenos
Elyvilon
Fedhas
Gozag
Hepliaklqana
Kikubaaqudgha
Makhleb
Nemelex Xobeh
Okawaru
Qazlal
Ru
Sif Muna
Trog
Uskayaw
Vehumet
Wu Jian
Xom
Yredelemnul
Zin
The Shining One

Shops:
D:9 [   Orc:2 [?*((*   Snake:1 *[[(

Annotations:
Lair:3 exclusion: oklob plant
Snake:1 Mlioglotl


Innate Abilities, Weirdness & Mutations

You have a pair of horns on your head.
You reflexively headbutt those who attack you in melee.


Message History

The shock serpent shoots out a bolt of lightning at you!
The bolt of electricity hits you!! You block Mlioglotl's attack.
Mlioglotl tramples you!!
You stumble backwards!
You sock Mlioglotl!
You headbutt Mlioglotl, but do no damage.
Mlioglotl is heavily wounded.
You block Mlioglotl's attack. x2; The shock serpent bites you.
The shock serpent shocks you!
* * * LOW HITPOINT WARNING * * *
You feel better. The shock serpent misses you. Mlioglotl closely misses you.
You furiously retaliate!
You headbutt Mlioglotl! Mlioglotl completely misses you.
The raiju bursts into living lightning!
The living lightning hits you!!
* * * LOW HITPOINT WARNING * * *
The raiju blinks!
Mlioglotl barely misses you. You block Mlioglotl's attack.
The shock serpent shoots out a bolt of lightning at you!
The bolt of electricity hits you!!
* * * LOW HITPOINT WARNING * * *
Okay, then.
Okay, then.
You feel better.
A shock serpent comes into view.
The raiju bites you but does no damage. You block the shock serpent's attack.
Mlioglotl hits you but does no damage.
Mlioglotl tramples you but does no damage.
You are confused.
You feel invigorated.
The shock serpent bites you but does no damage.
Mlioglotl barely misses you. Mlioglotl closely misses you.
The raiju bites you but does no damage. The shock serpent closely misses you.
You sock the shock serpent!
The shock serpent is moderately wounded.
The shock serpent's electric aura discharges, shocking you!
* * * LOW HITPOINT WARNING * * *
Mlioglotl hits you but does no damage. Mlioglotl tramples you.
* * * LOW HITPOINT WARNING * * *
You are shoved backwards!
Mlioglotl hits you but does no damage. Mlioglotl tramples you!!
You die...

##............##...........#
.........[....###...########
###......>.........##
#....###...#....## ##
#.........###†..######...
#........## ##..........
#.........# #.......##
.......#...# ##S...#####.
.####......# #@X.........
#....... #..h.........
................$......
#...............
##...S...######. #....##..
#...####.# #... ..


You could see Mlioglotl (strong), 2 shock serpents and a raiju (summoned,
unsilenced).

Vanquished Creatures
  Frances (D:13)
  Kirke (Lair:5)
  An orc warlord (Orc:1)
  Azrael (D:13)
  A yaktaur captain (D:14)
  3 hydras
  4 vault guards (D:13)
  3 catoblepae
  Harold (Lair:1)
  Erolcha (Orc:2)
  4 ogre magi
  10 centaur warriors
  11 two-headed ogres
  An anaconda (Snake:1)
  5 boulder beetles
  A naga warrior (Snake:1)
  A deep troll earth mage (D:14)
  2 tengu warriors (D:15)
  A naga sharpshooter (Snake:1)
  2 shock serpents (Snake:1)
  4 orc high priests (Orc:2)
  A deep elf knight (D:13)
  4 skeletal warriors
  A hell knight (D:15)
  3 skysharks
  A mana viper (Snake:1)
  A glowing orange brain (shapeshifter) (D:15)
  A flayed ghost (D:14)
  A lindwurm (Lair:2)
  5 orc knights
  7 orc sorcerers
  3 elephants
  14 ugly things
  A deep elf pyromancer (D:14)
  A salamander (Lair:2)
  A meliai (D:14)
  8 cyclopes
  4 manticores
  3 oklob plants (Lair:3)
  6 black mambas
  A torpor snail (Lair:4)
  6 cane toads
  3 gargoyles
  2 rime drakes
  Maggie (D:8)
  2 freezing wraiths (D:14)
  9 komodo dragons
  2 efreet (D:14)
  3 unseen horrors
  4 tengu conjurers
  9 trolls
  A polar bear (shapeshifter) (D:14)
  2 polar bears (Lair:5)
  7 hornets (Lair:5)
  35 blink frogs
  8 dream sheep
  2 slime creatures (D:14)
  4 wyverns
  4 wraiths
  2 shadows
  A vampire (D:10)
  27 yaks
  14 spriggans (Lair:5)
  2 fire elementals (D:13)
  5 hogs (Lair:5)
  4 humans
  2 wargs
  A hog (shapeshifter) (D:14)
  4 basilisks
  7 vampire mosquitoes
  4 nagas
  3 acid dragons
  16 water moccasins
  3 hell hounds (D:13)
  34 orc warriors
  An ice beast (D:5)
  6 black bears
  A sky beast (D:7)
  5 laughing skulls
  7 ogres
  4 boggarts
  22 centaurs
  27 wolves
  5 kobold brigands
  A gnoll sergeant (D:9)
  12 bullfrogs
  A scorpion (D:5)
  8 wights
  A hornet simulacrum (D:14)
  5 killer bees (D:10)
  11 howler monkeys
  2 electric eels (Lair:3)
  3 bombardier beetles
  4 hounds
  2 jellies
  27 orc priests
  2 sleepcaps
  A gnoll bouda (D:7)
  2 iguanas
  56 orc wizards
  14 gnolls
  5 adders
  A shadow imp (D:6)
  2 white imps (D:6)
  3 ribbon worms
  2 dart slugs (D:3)
  82 orcs
  6 bats
  10 endoplasms
  6 giant cockroaches
  10 hobgoblins
  10 jackals
  25 kobolds
  2 quokkas (D:1)
  9 ball pythons
  4 frilled lizards
  7 goblins
  8 rats
781 creatures vanquished.

Vanquished Creatures (others)
  A manticore (D:14)
  A cyclops (D:14)
  An orc priest (Orc:2)
  An orc wizard (Orc:2)
4 creatures vanquished.

Grand Total: 785 creatures vanquished

Notes
Turn   | Place    | Note
-------+----------+-------------------------------------------
     0 | D:1      | booth the Minotaur Fighter began the quest for the Orb.
     0 | D:1      | Reached XP level 1. HP: 19/19 MP: 0/0
   121 | D:1      | Reached XP level 2. HP: 25/27 MP: 1/1
   241 | D:1      | Reached skill level 4 in Fighting
   349 | D:1      | Found a faded altar of an unknown god.
   828 | D:2      | Reached XP level 3. HP: 33/33 MP: 2/2
  1286 | D:3      | Reached XP level 4. HP: 40/41 MP: 3/3
  1991 | D:3      | Reached skill level 5 in Axes
  2160 | D:3      | Reached XP level 5. HP: 47/47 MP: 4/4
  2439 | D:4      | Reached skill level 5 in Fighting
  2528 | D:4      | Reached skill level 1 in Throwing
  2785 | D:4      | Reached XP level 6. HP: 56/56 MP: 5/5
  3252 | D:5      | Entered Level 5 of the Dungeon
  3375 | D:5      | Found a radiant altar of Vehumet.
  3393 | D:5      | Noticed an ice beast
  3401 | D:5      | Killed an ice beast
  3442 | D:5      | Reached XP level 7. HP: 62/62 MP: 6/6
  3663 | D:5      | Reached skill level 6 in Fighting
  3692 | D:5      | Reached skill level 5 in Armour
  3999 | D:6      | Found a staircase to the Ecumenical Temple.
  4008 | Temple   | Entered the Ecumenical Temple
  4028 | Temple   | Became a worshipper of Warmaster Okawaru
  4072 | D:6      | Found the amulet of Elemental Vulnerability {rPois rF--
                  | rC-- AC+8}
  4185 | D:6      | Reached XP level 8. HP: 71/71 MP: 7/7
  4443 | D:6      | Reached * piety under Okawaru
  4609 | D:6      | Identified the +5 flail of Fate {elec, rN+ MP+9 Str+3
                  | Int-5}
  4622 | D:6      | Reached skill level 7 in Fighting
  4791 | D:7      | Found a flagged portal.
  4816 | D:7      | Got Ongusuna's Textbook on the Whammy and Voltage
  4955 | Bailey   | Entered a bailey
  5002 | Bailey   | Reached ** piety under Okawaru
  5003 | Bailey   | Reached XP level 9. HP: 53/79 MP: 8/8
  5183 | Bailey   | Reached skill level 10 in Axes
  5314 | Bailey   | Noticed an orc knight
  5457 | Bailey   | Killed an orc knight
  5458 | Bailey   | Reached skill level 8 in Fighting
  5458 | Bailey   | Reached skill level 5 in Throwing
  5518 | Bailey   | Identified the +8 swamp dragon scales of Classification
                  | {rPois Str+6 Int+3 Dex+3 Slay-4}
  5918 | D:7      | Reached skill level 1 in Maces & Flails
  5918 | D:7      | Reached skill level 1 in Dodging
  6244 | D:7      | Found an ornate altar of the Wu Jian Council.
  6495 | D:8      | Reached *** piety under Okawaru
  6557 | D:8      | Found a staircase to the Lair.
  6560 | D:8      | Noticed a komodo dragon
  6584 | D:8      | Killed a komodo dragon
  6585 | D:8      | Reached XP level 10. HP: 90/90 MP: 9/9
  6653 | D:8      | Noticed a cyclops
  6658 | D:8      | Killed a cyclops
  6659 | D:8      | Reached skill level 9 in Fighting
  7054 | D:8      | Reached **** piety under Okawaru
  7073 | D:8      | Noticed Maggie
  7083 | D:8      | Killed Maggie
  7425 | D:9      | Found a sparkling altar of Nemelex Xobeh.
  7585 | D:9      | Found a runed translucent door.
  7594 | D:9      | Noticed a manticore
  7682 | D:9      | Reached skill level 1 in Invocations
  7816 | D:9      | Found Eteveipe's Armour Emporium.
  8215 | D:9      | Reached skill level 5 in Maces & Flails
  8225 | D:9      | Killed a manticore
  8274 | D:10     | Entered Level 10 of the Dungeon
  8394 | D:10     | Noticed a gargoyle
  8403 | D:10     | Killed a gargoyle
  8404 | D:10     | Reached XP level 11. HP: 99/99 MP: 11/11
  8407 | D:10     | Reached skill level 10 in Fighting
  8590 | D:10     | Reached ***** piety under Okawaru
  8591 | D:10     | Reached skill level 5 in Dodging
  8627 | D:10     | Found a broken altar of Ashenzari.
  9152 | Lair:1   | Entered Level 1 of the Lair of Beasts
  9321 | Lair:1   | Noticed Harold
  9333 | Lair:1   | Killed Harold
  9411 | Lair:1   | Reached skill level 10 in Armour
  9882 | Lair:1   | Received a gift from Okawaru
 10220 | Lair:2   | Reached skill level 11 in Fighting
 10404 | Lair:2   | Reached XP level 12. HP: 110/110 MP: 14/14
 10413 | Lair:2   | Received a gift from Okawaru
 10803 | Lair:2   | Reached skill level 5 in Invocations
 10898 | Lair:2   | Found a staircase to the Snake Pit.
 11512 | Lair:3   | Found a staircase to the Shoals.
 11690 | Lair:3   | Received a gift from Okawaru
 11904 | Lair:3   | Found a blossoming altar of Fedhas.
 12688 | Lair:4   | Reached skill level 12 in Fighting
 12820 | Lair:4   | Received a gift from Okawaru
 13517 | Lair:4   | Found a staircase to the Slime Pits.
 13710 | Lair:3   | Reached XP level 13. HP: 92/118 MP: 16/16
 14068 | D:11     | Reached ****** piety under Okawaru
 14190 | D:11     | Received a gift from Okawaru
 14583 | D:11     | Found a staircase to the Orcish Mines.
 15310 | D:11     | Identified a scroll of acquirement
 15310 | D:11     | Acquired the ring of Enkaxagi {^Drain rC+ Str+4 SInv}
 15559 | D:12     | Reached skill level 5 in Shields
 16108 | D:13     | Reached skill level 10 in Throwing
 16114 | D:13     | Noticed Azrael
 16136 | D:13     | Killed Azrael
 16136 | D:13     | Received a gift from Okawaru
 16142 | D:13     | Reached skill level 10 in Maces & Flails
 16711 | D:13     | Reached skill level 13 in Fighting
 16920 | D:13     | Noticed Frances
 16942 | D:13     | Killed Frances
 17632 | D:13     | Reached XP level 14. HP: 126/129 MP: 16/18
 17653 | D:13     | Found a gate to the Vaults.
 18230 | D:14     | Reached skill level 10 in Dodging
 18675 | D:14     | Reached skill level 14 in Fighting
 18824 | D:14     | Acquired a manual of Maces & Flails
 19536 | Lair:5   | Entered Level 5 of the Lair of Beasts
 19875 | Lair:5   | Noticed Kirke
 19892 | Lair:5   | Killed Kirke
 20136 | Lair:5   | Reached XP level 15. HP: 134/138 MP: 20/20
 20342 | Lair:5   | Reached skill level 1 in Stealth
 20514 | Lair:5   | Received a gift from Okawaru
 21331 | D:15     | Entered Level 15 of the Dungeon
 21464 | D:15     | Received a gift from Okawaru
 21640 | D:15     | Found a staircase to the Depths.
 21866 | D:15     | Reached skill level 15 in Fighting
 22207 | D:14     | Received a gift from Okawaru
 22646 | Orc:1    | Entered Level 1 of the Orcish Mines
 22745 | Orc:2    | Entered Level 2 of the Orcish Mines
 22868 | Orc:2    | Found a staircase to the Elven Halls.
 22895 | Orc:2    | Noticed Erolcha
 22905 | Orc:2    | Killed Erolcha
 22906 | Orc:2    | Reached skill level 10 in Invocations
 23053 | Orc:2    | Found Niass's Armour Shop.
 23111 | Orc:2    | Found Qaixt's Magic Scroll Boutique.
 23155 | Orc:2    | Bought a scroll of enchant armour for 97 gold pieces
 23500 | Orc:2    | Reached skill level 10 in Shields
 23853 | Orc:2    | Found Fureir's Assorted Antiques.
 23855 | Orc:2    | Found Hudog's Antique Weapon Shop.
 23856 | Orc:2    | Found Seliliapn's Assorted Antiques.
 23861 | Orc:2    | Found Zopiut's Antique Weapon Boutique.
 24156 | Orc:1    | Received a gift from Okawaru
 24687 | Orc:2    | Bought a transparent hand axe for 280 gold pieces
 24687 | Orc:2    | Identified the +1 hand axe of Eminent Domain {distort,
                  | rPois Str+2} (You bought it in a shop on level 2 of the
                  | Orcish Mines)
 24696 | Orc:2    | Bought a masterwork broad axe for 297 gold pieces
 24696 | Orc:2    | Identified the +3 broad axe of Dissolution {holy, Str+3}
                  | (You bought it in a shop on level 2 of the Orcish Mines)
 24709 | Orc:2    | Bought a potion of curing for 90 gold pieces
 24949 | Snake:1  | Entered Level 1 of the Snake Pit
 25083 | Snake:1  | Identified the +6 trident "Ynuod" {elec, Int+2 Dex+4
                  | Stlth+}
 25095 | Snake:1  | Reached XP level 16. HP: 52/149 MP: 22/22
 25363 | Snake:1  | Found Luriutwa's Assorted Antiques.
 25367 | Snake:1  | Found Yddarhem's Armour Shoppe.
 25367 | Snake:1  | Found Atimmab's Antique Armour Emporium.
 25370 | Snake:1  | Found Fantuan's Antique Weapon Shoppe.
 25510 | Snake:1  | Got the Precepts of the Tropical Glacier
 25612 | Snake:1  | Noticed Mlioglotl
 25625 | Snake:1  | HP: 2/149 [shock serpent/bolt of electricity (22)]
 25628 | Snake:1  | Mangled by Mlioglotl

Illustrated notes

Levels and vault maps discovered:
D:1:      spicycebolla_arrival_risky_transporter, layout_loops_cross,
          hellmonk_ecumenical_altar_inner_sanctum
D:2:      layout_rooms
D:3:      minmay_general_purpose_star, layout_basic, minivault_11, st_stairs_9,
          minmay_misc_feat_cross, minmay_misc_feat_nine_boxes,
          nrook_loot_triangle, kennysheep_generic_room_15
D:4:      layout_basic, minmay_misc_feat_room, hangedman_abyss_or_decor_passed
D:5:      layout_loops_ring, nicolae_vehumet_altar_sigil
D:6:      layout_loops_corners, minmay_temple_entry_junction
D:7:      layout_gridville, nicolae_wu_jian_glorious_leap, enter_bailey_8
D:8:      layout_cave_pods, david_lair_shrubbed, uniq_maggie
D:9:      layout_roguey, mainiacjoe_overflow_alcove_4, serial_shops, shop,
          minmay_st_funbox
D:10:     layout_cave_pods, mainiacjoe_overflow_brackets
D:11:     layout_cave_pods
D:12:     layout_loops_ring
D:13:     layout_long_grid, grunt_vaults_entry_fortified, uniq_frances,
          uniq_azrael
D:14:     nzn_winding_woodlands_large [nzn_winding_woodlands_5x5_three,
          nzn_winding_woodlands_5x15_split_checker,
          nzn_winding_woodlands_5x5_perimeter,
          nzn_winding_woodlands_center_garden,
          nzn_winding_woodlands_15x15_boxy_spiral,
          nzn_winding_woodlands_center_triple_pond,
          nzn_winding_woodlands_5x5_checkerboard,
          nzn_winding_woodlands_5x15_eye, nzn_winding_woodlands_5x5_default],
          layout_cave_pools
D:15:     hangedman_depths_entry_civil_slaughter, layout_rooms, hex_intersection
Temple:   compressed_dpeg_circular_temple
Lair:1:   layout_regular_city, grunt_megastairs_1, serial_bayou_shore_b,
          uniq_harold
Lair:2:   beast_lair_carwin_large_2, layout_regular_city,
          alex1729_snake_entry_snake, lemuel_fruit_fields
Lair:3:   dpeg_oklob_shooting_range, layout_gridlike,
          minmay_shoals_entry_centaurs, tgw_fedhas, serial_bayou_shore_a,
          lemuel_fruit_tree
Lair:4:   layout_layer_cave, dpeg_slime_entry_enclosed
Lair:5:   minmay_lair_end_enchanted_forest, layout_cave_pods,
          lemuel_fruit_fields, serial_bayou_shore_b, uniq_kirke
Snake:1:  nicolae_snake_shooting_gallery, layout_layer_cave, serial_shops, shop,
          minmay_shoptagon, uniq_mlioglotl
Orc:1:    layout_caves, nicolae_volcano_entry_s_turn
Orc:2:    st_orc_mages, layout_caves, guppyfry_orc_lava_fort, uniq_erolcha

Skill      XL: |  1  2  3  4  5  6  7  8  9 10 11 12 13 14 15 16 |
---------------+-------------------------------------------------+-----
Axes           | 3 4 5 6 8 9 10 11 | 11.0
Fighting       | 4 5 6 7 8 9 11 12 13 14 15 | 15.4
Throwing       | 1 2 3 4 5 7 8 9 10 11 12 | 12.4
Armour         | 4 5 6 8 9 10 11 | 11.9
Maces & Flails | 2 5 7 9 10 12 14 | 14.7
Dodging        | 2 4 6 8 9 10 | 10.9
Invocations    | 2 4 6 7 9 10 | 10.3
Shields        | 6 8 10 | 10.3
Stealth        | 4 |  4.4

Action                     |  1- 3 |  4- 6 |  7- 9 | 10-12 | 13-15 | 16-18 || total
---------------------------+-------+-------+-------+-------+-------+-------++-------
  Melee: War axe           |    77 |   119 |   183 |       |       |       ||   379
         Headbutt          |    11 |    26 |    55 |   113 |   362 |    16 ||   583
         Flail             |       |       |    58 |   543 |  1343 |    58 ||  2002
         Morningstar       |       |       |       |       |   131 |       ||   131
  Throw: Dart              |       |       |    31 |       |    54 |       ||    85
         Boomerang         |       |       |       |   155 |    72 |       ||   227
         Javelin           |       |       |       |     6 |    37 |     1 ||    44
         Throwing net      |       |       |       |       |     1 |       ||     1
 Invoke: Heroism           |       |       |     4 |     7 |    27 |     3 ||    41
         Finesse           |       |       |       |     1 |     6 |       ||     7
  Evoke: Wand              |       |       |       |       |     7 |     1 ||     8
    Use: Scroll            |     4 |     7 |     3 |     6 |    13 |     1 ||    34
         Potion            |       |       |     1 |     1 |     5 |     3 ||    10
   Stab: Petrified         |       |       |       |       |     3 |       ||     3
         Distracted        |       |       |       |       |     2 |       ||     2
 Armour: Scale mail        |    47 |    56 |   136 |       |       |       ||   239
         Swamp dragon scal |       |       |    42 |   419 |   700 |    37 ||  1198
  Dodge: Dodged            |    45 |    36 |   106 |   358 |   525 |    27 ||  1097
  Block: Buckler           |    20 |    19 |    73 |   163 |    40 |       ||   315
         Tower shield      |       |       |       |       |  1155 |    55 ||  1210
